Map: Alcyone LE

Players

LiquidCure (Cure) - Winner!

  • Race: Terran Terran
  • League: Master
  • Spawn Location: 7:00

Bunny

  • Race: Terran Terran
  • Spawn Location: 1:00

Event: IEM Katowice 2024

VOD

Have the link to the VOD?

Description

Time

  • Played on: Dec. 6, 2023, 5:37 a.m.
  • Length: 7:36

All games in this series

Show
View Real Time Build Order
Export as new Build Order

LiquidCure Terran - Winner!

Build Orders: Cyclone Opening 

Get SALT Encoding   

  12  0:00  SCV  
  13  0:12  SCV  
  14  0:17  Supply Depot  
  14  0:24  SCV  
  15  0:38  SCV  
  15  0:40  Barracks  
  15  0:42  Refinery  
  16  0:50  SCV  
  16  0:52  Refinery  
  17  1:03  SCV  
  18  1:15  SCV  
  19  1:27  Orbital Command, Reaper  
  20  1:33  Supply Depot  
  20  1:41  Factory  
  20  1:54  SCV  
  21  1:59  Reaper  
  22  2:06  SCV  
  23  2:18  SCV  
  23  2:21  Command Center  
  24  2:26  Hellion  
  26  2:30  SCV  
  26  2:32  Barracks Reactor  
  27  2:39  Starport  
  27  2:42  SCV  
  28  2:48  Supply Depot  
  28  2:55  Cyclone  
  31  2:58  SCV  
  31  3:10  SCV, Marine x2  
  34  3:15  Medivac  
  36  3:22  SCV  
  37  3:33  Orbital Command  
  37  3:34  SCV  
  37  3:35  Cyclone  
  37  3:38  Cyclone  
  42  3:46  Refinery  
  42  3:47  SCV  
  43  3:49  Liberator  
  43  3:52  Barracks Tech Lab  
  46  3:59  Supply Depot  
  46  4:02  SCV x2  
  48  4:14  SCV x2  
  48  4:17  Cyclone x2  
  54  4:26  SCV x2  
  56  4:32  Supply Depot  
  56  4:38  SCV x2  
  58  4:43  Command Center  
  58  4:44  Raven  
  60  4:46  Interference Matrix  
  60  4:51  SCV x2  
  62  5:01  Cyclone  
  62  5:02  Cyclone  
  66  5:08  SCV  
  66  5:09  SCV  
  66  5:10  Barracks Tech Lab  
  66  5:13  Supply Depot x2  
  68  5:21  SCV x2  
  68  5:33  SCV x2  
  70  5:35  Marine  
  70  5:36  Cyclone  
  70  5:37  Raven, Cyclone  
  74  5:45  SCV x2  
  72  5:53  Marine  
  73  5:57  SCV x2  
  73  5:59  Orbital Command  
  73  6:08  Engineering Bay  
  73  6:09  Barracks  
  73  6:10  Barracks, Engineering Bay  
  73  6:11  SCV x2, Marine  
  76  6:18  Starport Reactor  
  73  6:27  SCV x3  
  73  6:29  Marine  
  77  6:39  Orbital Command  
  77  6:43  Siege Tank  
  77  6:45  Barracks x2  
  77  6:46  SCV x2  
  77  6:47  Marine  
  77  6:56  Refinery  
  77  6:58  SCV x2  
  79  7:04  Marine x3  
  82  7:10  SCV x2  
  82  7:11  SCV  
  85  7:22  SCV  
  88  7:23  SCV x2  
  88  7:24  Refinery  
  88  7:25  Refinery  
Show
View Real Time Build Order
Export as new Build Order

Bunny Terran 

Build Orders: Cyclone Opening 

Get SALT Encoding   

  12  0:00  SCV  
  13  0:12  SCV  
  14  0:17  Supply Depot  
  14  0:24  SCV  
  15  0:38  SCV  
  15  0:39  Barracks  
  16  0:42  Refinery  
  16  0:50  SCV  
  16  0:52  Refinery  
  17  1:02  SCV  
  18  1:14  SCV  
  19  1:26  Orbital Command, Reaper  
  19  1:31  Supply Depot  
  20  1:42  Factory  
  20  1:52  SCV  
  21  1:58  Reaper  
  22  2:05  SCV  
  23  2:17  SCV  
  23  2:21  Command Center  
  24  2:28  Hellion  
  24  2:29  SCV  
  27  2:32  Barracks Reactor  
  27  2:40  Starport  
  27  2:42  SCV  
  28  2:49  Supply Depot  
  28  2:54  Cyclone  
  28  2:58  SCV  
  31  3:10  SCV  
  31  3:12  Marine x2  
  32  3:16  Starport Tech Lab  
  34  3:22  SCV  
  34  3:26  Factory Tech Lab  
  35  3:33  Orbital Command  
  37  3:34  SCV, Refinery  
  37  3:38  Raven  
  38  3:45  Siege Tank  
  38  3:47  SCV  
  42  3:53  Supply Depot  
  42  3:59  SCV x2  
  44  4:11  SCV x2  
  44  4:12  Raven  
  47  4:19  Command Center  
  47  4:24  SCV x2  
  49  4:26  Siege Tank  
  49  4:29  Marine x2  
  54  4:34  Interference Matrix  
  54  4:36  SCV x2  
  56  4:40  Supply Depot  
  56  4:48  Marine x2, SCV x2  
  56  4:52  Raven  
  62  5:05  SCV x2  
  63  5:08  Marine x2  
  65  5:17  SCV x2  
  67  5:29  Barracks, SCV x2  
  67  5:30  Siege Tank  
  67  5:34  Orbital Command  
  59  5:40  Marine x2  
  56  5:43  Viking  
  56  5:45  SCV x2  
  60  5:57  SCV x2  
  60  6:02  Siege Tank  
  60  6:04  Refinery x2  
  65  6:05  SCV  
  61  6:25  SCV x3  
  64  6:28  Engineering Bay x2  
  58  6:42  Siege Tank  
  58  6:44  Starport Reactor, Marine x3  
  58  6:45  SCV x2  
  58  6:46  SCV  
  65  6:54  Orbital Command  
  65  6:58  Barracks  
  65  6:59  SCV x2  
  67  7:07  Marine x3  
  70  7:21  SCV x2  
  72  7:25  Barracks  
  72  7:26  Barracks  

Tags
 
Add a new tag
Caveats
  • Supply blocks, unpowered buildings, or Contaminate may cause inaccurate times.
  • Supply counts are checked every 10 seconds.